woodfighter, neutral female human Wizard ---- ---..--------- ---------------------- |............................[.......| --....I------- ---- -- -- - |...|.-- ---.----- |...| |.--- |%| |.| |.# | --- -----.---------- -...........................| -----------.--------.---- |.------ |....---- |...--.-----...|.--- |........--.......>| --...%..).%.....^..| ---..............-- --.--.--.|.|..-- -------------- woodfighter the Thaumaturge Experience level: 6 Strength: 10 Dexterity: 11 Constitution: 16 Intelligence: 19 Wisdom: 15 Charisma: 6 Health: 0(45) Energy: 46(53) Def: 1 Gold: 299 Moves: 1836 Dungeon seed: lhT3eve9YxMKTSHI Game ID: woodfighter_1447411907 Your Inventory: Coins $ - 299 gold pieces Weapons a - a blessed +1 quarterstaff (weapon in hands) Armor e - an uncursed +0 cloak of magic resistance (being worn) y - an uncursed +0 dwarvish cloak D - a blessed +0 dwarvish cloak F - an uncursed +1 dwarvish cloak J - an uncursed +0 dwarvish cloak Y - an uncursed +0 dwarvish cloak Comestibles f - an uncursed lichen corpse g - an uncursed food ration Scrolls j - 2 uncursed scrolls of light l - 2 uncursed scrolls of create monster o - an uncursed scroll of scare monster E - an uncursed scroll of identify L - a blessed scroll of magic mapping Spellbooks b - a blessed spellbook of force bolt c - an uncursed spellbook of cause fear Potions h - an uncursed potion of polymorph i - an uncursed potion of object detection k - an uncursed potion of gain ability m - an uncursed potion of restore ability v - an uncursed potion of sleeping G - an uncursed potion of paralysis K - a cursed potion of restore ability M - a blessed potion of confusion Wands d - a wand of nothing (0:6) p - a wand of digging (0:4) t - a wand of striking (0:7) A - a wand of undead turning (0:6) I - a wand of magic missile (0:6) Tools n - a blessed magic lamp q - 2 uncursed tallow candles (0:200) s - an uncursed bag of holding B - an uncursed wax candle (0:400) C - 2 cursed tallow candles (0:200) H - a blessed oil lamp (0:1015) O - 3 blessed tallow candles (0:200) Gems r - an uncursed agate stone x - an uncursed worthless piece of black glass z - an uncursed obsidian stone N - an uncursed worthless piece of yellowish brown glass P - 2 uncursed worthless pieces of red glass Contents of the bag of holding: a +0 pick-axe Spells and supernatural/magical abilities: Name Level Category Fail Memory a - force bolt 1 attack 0% 91% c - cause fear 3 enchantment 0% 91% W - pray for help -- divine ? -- Your skills at the end: Miscellaneous Skills wands [Basic] Weapon Skills quarterstaff [Basic] Spellcasting Skills attack spells [Basic] enchantment spells [Basic] Final Attributes: You were devoutly aligned. You were magic-protected. You were blinded. You were unlucky. You are dead. Vanquished creatures: a gnome king a dwarf lord a pony 4 gnome lords 2 gnomish wizards a black naga hatchling a gray ooze 5 dwarves 2 dwarf zombies 2 hobbits a gecko 4 giant rats 2 red molds 21 gnomes 2 jackals a fox a kobold 4 newts a goblin 2 sewer rats 2 grid bugs 4 lichens 65 creatures vanquished. Voluntary challenges: You did not adorn yourself with jewelry or accessories. You were an atheist. You used a wielded weapon 84 times, starting on turn 15. You did not apply a unicorn horn. You were illiterate. You never genocided any monsters. You never polymorphed an object. You never changed form. You used no wishes. You never split a pudding. You never wrote Elbereth's name. You never violated your personal moral code. Dungeon overview: The Dungeons of Doom: levels 1 to 3 Level 1 a sink a long staircase Level 2 (locked chest) stairs to The Gnomish Mines Level 3 The Gnomish Mines: levels 3 to 7 Level 3 stairs to The Dungeons of Doom Level 4 Level 5 Level 6 <- You were here Level 7 History has recorded: On T:1 you entered the Dungeons of Doom to retrieve the Amulet of Yendor! On T:69 you reached level 2 of The Dungeons of Doom. On T:309 you advanced to experience level 2. On T:616 you reached level 3 of The Dungeons of Doom. On T:704 you reached level 1 of The Gnomish Mines. On T:827 you advanced to experience level 3. On T:898 you advanced to experience level 4. On T:1172 you reached level 2 of The Gnomish Mines. On T:1183 you advanced to experience level 5. On T:1356 you reached level 3 of The Gnomish Mines. On T:1535 you advanced to experience level 6. On T:1731 you reached level 4 of The Gnomish Mines. On T:1760 you reached level 5 of The Gnomish Mines. Score breakdown: Gold: 299 ( 29 points) Experience: 6 levels ( 500 points) Exploration: 7 levels ( 180 points) Discoveries: 3 items ( 150 points) Variety of kills: 22 monsters ( 1100 points) Major goal: (nothing yet) ( 0 points) Survival: died (score multiplied by 3) Total score: 5877 Latest messages: The spell misses it. Something pecks! (2x) You die... Final status: Goodbye woodfighter the Wizard, killed by a raven... You died in The Gnomish Mines on dungeon level 6 with 5877 points, and 299 pieces of gold, after 1836 moves. You were level 6 with a maximum of 45 hit points when you died.